 Dungeon Sprint DCSS version 0.31.0-9-g3a7656b989 (webtiles) character file.

Game seed: 7300203139793781526

26002 Heoruswealwe the Minotaur Porcupine (level 12, -3/134 HPs)
             Began as a Minotaur Fighter on Jan 26, 2024.
             Was an Initiate of Gozag.
             Killed from afar by an ice dragon (36 damage)
             ... with a blast of cold
             ... in the Dungeon (Sprint IX: "|||||||||||||||||||||||||||||").
             The game lasted 00:29:01 (2623 turns).

Heoruswealwe the Minotaur Porcupine (MiFi)          Turns: 2623, Time: 00:29:02

Health: -3/134     AC: 28    Str: 26    XL:     12   Next: 94%
Magic:  11/11      EV: 16    Int:  5    God:    Gozag
Gold:   1263       SH:  0    Dex: 10    Spells: 11/11 levels left

rFire   + + .        b - +0 bardiche
rCold   . . .        (shield currently unavailable)
rNeg    . . .        c - +3 plate armour {rF+}
rPois   +            (helmet restricted)
rElec   .            h - +0 cloak {rPois}
rCorr   .            f - +0 pair of gloves
SInv    .            e - +0 pair of boots
Will    .....        i - amulet of Xiha {RegenMP rF+ Slay+3 Stlth+} Stlth
                     k - +5 ring of evasion
HPRegen 0.42/turn    j - +2 ring of evasion
MPRegen 0.52/turn

%: no teleportation
@: gold aura, on berserk cooldown, fragile (+50% incoming damage)
A: horns 2, retaliatory headbutt
a: Renounce Religion, Potion Petition, Call Merchant, Bribe Branch


You were in the Dungeon.
You worshipped Gozag.
Gozag was most pleased with you.
You visited 1 branch You collected 9999 gold pieces.
You spent 5125 gold pieces at shops.
You paid 3611 gold pieces to Gozag.

Inventory:

Hand Weapons
 a - the +6 demon trident of Danemm {pain, rElec Int+2}
   (You bought it in a shop in the Dungeon)

   Int+2:     It affects your intelligence (+2).
   rElec:     It insulates you from electricity.
 b - a +0 bardiche (weapon)
 l - the +3 giant club "Skullcrusher" {speed, Str+7}
   (You bought it in a shop in the Dungeon)

   Str+7:     It affects your strength (+7).
Armour
 c - a +3 plate armour of fire resistance (worn)
 d - a +0 buckler
 e - a +0 pair of boots (worn)
 f - a +0 pair of gloves (worn)
 h - a +0 cloak of poison resistance (worn)
 m - the crystal ball of Wucad Mu {*channel}
   (You bought it in a shop in the Dungeon)

   *Channel:  It often returns the magic spent to cast spells, but lowers their
   success rate.
   It always returns the magic spent on miscasts.
 n - the +5 moon troll leather armour {Spirit, Regen++ MP+5}
   (You bought it in a shop in the Dungeon)

   MP+5:      It affects your magic capacity (+5).
   Regen++:   It increases your rate of health regeneration.
Jewellery
 i - the amulet of Xiha (around neck) {RegenMP rF+ Slay+3 Stlth+}
   (You bought it in a shop in the Dungeon)

   [amulet of magic regeneration]

   RegenMP:   It increases your rate of magic regeneration.
   Slay+3:    It affects your accuracy & damage with ranged weapons and melee
   (+3).
   rF+:       It protects you from fire.
   Stlth+:    It makes you more stealthy.
 j - a +2 ring of evasion (right hand)
 k - a +5 ring of evasion (left hand)
Wands
 r - a wand of charming (12)
 s - a wand of quicksilver (24)
 v - a wand of flame (8)
Scrolls
 o - 3 scrolls of blinking
 p - 4 scrolls of identify
 q - a scroll of enchant armour
Potions
 g - 2 potions of haste
 t - 7 potions of heal wounds
 w - a potion of cancellation
 y - 4 potions of curing
 z - 2 potions of might


   Skills:
 + Level 20.6 Fighting
 O Level 27 Polearms
 + Level 20.5 Armour
 + Level 3.3 Dodging
 + Level 5.3 Shields
 + Level 2.6 Evocations


You had 11 spell levels left.
You didn't know any spells.
Your spell library was empty.

Dungeon Overview and Level Annotations

Branches:
Dungeon (1/1)

Altars:
Cheibriados
Dithmenos
Elyvilon
Fedhas
Gozag
Hepliaklqana
Kikubaaqudgha
Makhleb
Nemelex Xobeh
Okawaru
Qazlal
Ru
Sif Muna
Trog
Uskayaw
Vehumet
Wu Jian
Xom
Yredelemnul
Zin
The Shining One
Jiyva
Lugonu

Shops:
D ([(=*[([


Innate Abilities, Weirdness & Mutations

You have a pair of horns on your head.
You reflexively headbutt those who attack you in melee.


Message History

The tengu warrior pecks you but does no damage.
The tengu warrior misses you.
You miss the tengu warrior. Your headbutt misses the tengu warrior.
The tengu warrior is heavily wounded.
The tengu warrior hits you but does no damage.
The tengu warrior pecks you.
The tengu warrior claws you but does no damage.
The glass eye gazes at you.
You feel your fragility will last longer.
You closely miss the tengu warrior.
The tengu warrior is heavily wounded.
You chop the tengu warrior into pieces!!!
You kill the tengu warrior!
Your Dodging skill increases to level 3!
Your Shields skill increases to level 5!
You slash the glass eye! You headbutt the glass eye!
The glass eye is heavily wounded.
You carve the glass eye like a ham!!!
You kill the glass eye!
Reach: b) +0 bardiche
Press: ? - help, Dir - move target, f - ice dragon
Aim: an ice dragon (about 22% to evade your +0 bardiche)
You reach to attack!
You slice the ice dragon!!
The ice dragon is moderately wounded.
The ice dragon breathes frost at you. The blast of cold hits you!!
* * * LOW HITPOINT WARNING * * *
Reach: b) +0 bardiche
Press: ? - help, Dir - move target, f/p - ice dragon
Aim: an ice dragon (moderately wounded, about 22% to evade your +0 bardiche)
You reach to attack!
You slice the ice dragon!!
The ice dragon is severely wounded.
The ice dragon breathes frost at you. The blast of cold hits you!
* * * LOW HITPOINT WARNING * * *
You feel much better. The ice dragon breathes frost at you.
The blast of cold hits you!!
You die...
Your body crumbles into a pile of gold.

▓?▓)▓.▓.▓.▓.▓_▓
▓!▓.▓.▓.▓.▓.▓_▓
▓.▓.▓.▓.▓.▓.▓_▓
▓.▓.▓.▓.▓.▓.▓_▓
▓.▓.▓.▓.▓.▓.▓_▓
▓.▓.▓.▓.▓.▓.▓_▓
▓.▓.▓'▓.▓.▓.▓_▓
▓$▓.▓)▓.▓'▓.▓'▓
▓@▓.▓[▓.▓.▓.▓!▓
▓$▓.▓.▓.▓.▓.▓?▓
▓D▓.▓.▓.▓.▓.▓)▓
▓.▓.▓.▓.▓.▓.▓[▓
▓.▓.▓∩▓.▓.▓.▓.▓
▓.▓.▓.▓.▓.▓.▓.▓
▓.▓.▓∩▓.▓.▓.▓.▓
▓.▓.▓.▓.▓.▓.▓.▓
▓.▓∩▓.▓(▓.▓.▓


You could see an ice dragon (catching breath).

Vanquished Creatures
  A fire giant (D)
  A very ugly thing (D)
  Erolcha (D)
  2 hydras (D)
  5 centaur warriors (D)
  Harold (D)
  3 ogre magi (D)
  A catoblepas (D)
  5 two-headed ogres (D)
  A tengu warrior (D)
  An occultist (D)
  A spriggan berserker (D)
  Urug (D)
  2 orc knights (D)
  Maurice (D)
  2 cyclopes (D)
  A meliai (D)
  8 elephants (D)
  A black mamba (D)
  4 cane toads (D)
  3 komodo dragons (D)
  A kobold demonologist (D)
  2 trolls (D)
  2 polar bears (D)
  A glass eye (D)
  A blink frog (D)
  4 water moccasins (D)
  12 orc warriors (D)
  7 ogres (D)
  A centaur (D)
  A kobold brigand (D)
  2 bullfrogs (D)
  A gnoll sergeant (D)
  6 orc priests (D)
  2 hounds (D)
  3 orc wizards (D)
  An adder (D)
  A shadow imp (D)
  4 orcs (D)
  A giant cockroach (D)
  A goblin (D)
  2 bats (D)
  A rat (D)
103 creatures vanquished.

Notes
Turn   | Place    | Note
-------+----------+-------------------------------------------
     0 | D        | Heoruswealwe the Minotaur Fighter began the quest for the
                  | Orb.
     0 | D        | Reached XP level 1. HP: 19/19 MP: 0/0
    11 | D        | Reached skill level 3 in Polearms
    26 | D        | Noticed a hound
    26 | D        | Noticed a hound
    30 | D        | Reached skill level 4 in Polearms
    30 | D        | Reached XP level 2. HP: 24/28 MP: 1/1
    39 | D        | Reached skill level 5 in Fighting
    39 | D        | Reached skill level 6 in Polearms
    39 | D        | Reached skill level 5 in Armour
    39 | D        | Reached XP level 3. HP: 16/36 MP: 2/2
    51 | D        | Reached skill level 7 in Polearms
    51 | D        | Reached XP level 4. HP: 20/44 MP: 3/3
    59 | D        | Found a snail-covered altar of Cheibriados.
    59 | D        | Found a shadowy altar of Dithmenos.
    59 | D        | Found a white marble altar of Elyvilon.
    59 | D        | Found a blossoming altar of Fedhas.
    59 | D        | Found an opulent altar of Gozag.
    60 | D        | Found a hazy altar of Hepliaklqana.
    61 | D        | Found a viscous altar of Jiyva.
    62 | D        | Found an ancient bone altar of Kikubaaqudgha.
    65 | D        | Found a corrupted altar of Lugonu.
    68 | D        | Found a burning altar of Makhleb.
    69 | D        | Found a sparkling altar of Nemelex Xobeh.
    70 | D        | Found an iron altar of Okawaru.
    71 | D        | Found a stormy altar of Qazlal.
    72 | D        | Found a sacrificial altar of Ru.
    77 | D        | Became a worshipper of Gozag Ym Sagoz the Greedy
    80 | D        | Found a shimmering blue altar of Sif Muna.
    81 | D        | Found a bloodstained altar of Trog.
    82 | D        | Found a hide-covered altar of Uskayaw.
    83 | D        | Found a radiant altar of Vehumet.
    84 | D        | Found an ornate altar of the Wu Jian Council.
    85 | D        | Found a shimmering altar of Xom.
    86 | D        | Found a basalt altar of Yredelemnul.
    87 | D        | Found a glowing silver altar of Zin.
    88 | D        | Found a glowing golden altar of the Shining One.
   145 | D        | Noticed a two-headed ogre
   145 | D        | Noticed a kobold brigand
   145 | D        | Noticed a centaur
   145 | D        | Noticed a troll
   145 | D        | Noticed a kobold demonologist
   150 | D        | Killed a two-headed ogre
   151 | D        | Reached skill level 10 in Fighting
   151 | D        | Reached skill level 13 in Polearms
   151 | D        | Reached skill level 10 in Armour
   151 | D        | Reached XP level 5. HP: 54/58 MP: 4/4
   151 | D        | Reached XP level 6. HP: 62/66 MP: 5/5
   151 | D        | Reached XP level 7. HP: 67/72 MP: 6/6
   162 | D        | Reached skill level 14 in Polearms
   167 | D        | Noticed a rust devil
   168 | D        | Killed a troll
   169 | D        | Reached XP level 8. HP: 68/82 MP: 7/7
   196 | D        | Killed a kobold demonologist
   197 | D        | Reached skill level 15 in Polearms
   346 | D        | Noticed a cyclops
   346 | D        | Noticed a centaur warrior
   346 | D        | Noticed a catoblepas
   346 | D        | Noticed a troll
   346 | D        | Noticed a cyclops
   369 | D        | Killed a cyclops
   370 | D        | Reached skill level 16 in Polearms
   375 | D        | Killed a catoblepas
   376 | D        | Reached skill level 17 in Polearms
   376 | D        | Reached XP level 9. HP: 85/93 MP: 8/8
   387 | D        | Killed a centaur warrior
   388 | D        | Reached skill level 18 in Polearms
   392 | D        | Killed a troll
   400 | D        | Killed a cyclops
   661 | D        | Noticed a black mamba
   661 | D        | Noticed a cane toad
   661 | D        | Noticed a komodo dragon
   661 | D        | Noticed a polar bear
   663 | D        | Noticed a komodo dragon
   665 | D        | Killed a black mamba
   666 | D        | Reached skill level 19 in Polearms
   674 | D        | Noticed a cane toad
   675 | D        | Killed a cane toad
   676 | D        | Reached XP level 10. HP: 62/104 MP: 9/9
   690 | D        | Reached skill level 20 in Polearms
   699 | D        | Reached skill level 15 in Fighting
   699 | D        | Reached skill level 15 in Armour
   707 | D        | Killed a cane toad
   887 | D        | Noticed a seven-headed hydra
   896 | D        | Killed a nine-headed hydra
   897 | D        | Reached skill level 21 in Polearms
   898 | D        | Noticed a cane toad
   903 | D        | Noticed a cane toad
   913 | D        | Killed a cane toad
   917 | D        | Killed a cane toad
   967 | D        | Noticed an elephant
   967 | D        | Noticed an elephant
   967 | D        | Noticed an elephant
   967 | D        | Noticed an elephant
   967 | D        | Noticed an elephant
   967 | D        | Noticed an elephant
   975 | D        | Killed an elephant
   976 | D        | Reached XP level 11. HP: 90/115 MP: 10/10
   981 | D        | Reached skill level 22 in Polearms
  1033 | D        | Reached skill level 23 in Polearms
  1232 | D        | Noticed Harold
  1240 | D        | Killed Harold
  1262 | D        | Noticed Urug
  1280 | D        | Killed Urug
  1588 | D        | Noticed an orc knight
  1603 | D        | Killed an orc knight
  1693 | D        | Noticed an orc knight
  1697 | D        | Reached skill level 24 in Polearms
  1715 | D        | Killed an orc knight
  1974 | D        | Found Iragudet's Antique Weapon Emporium.
  1974 | D        | Noticed an ogre mage
  1974 | D        | Noticed a two-headed ogre
  1974 | D        | Noticed a two-headed ogre
  1974 | D        | Noticed a two-headed ogre
  1985 | D        | Killed an ogre mage
  1987 | D        | Killed a two-headed ogre
  1992 | D        | Killed a two-headed ogre
  1993 | D        | Reached XP level 12. HP: 124/128 MP: 11/11
  1998 | D        | Killed a two-headed ogre
  1999 | D        | Reached skill level 25 in Polearms
  2004 | D        | Noticed an ogre mage
  2017 | D        | Killed an ogre mage
  2117 | D        | Found Qyeda's Armour Shoppe.
  2121 | D        | Found Vadebre's Weapon Emporium.
  2125 | D        | Found Midusem's Jewellery Shoppe.
  2145 | D        | Noticed a two-headed ogre
  2154 | D        | Killed a two-headed ogre
  2238 | D        | Bought a translucent demon trident for 420 gold pieces
  2238 | D        | Identified the +6 demon trident of Danemm {pain, rElec
                  | Int+2} (You bought it in a shop in the Dungeon)
  2240 | D        | Bought the crystal ball of Wucad Mu {*channel} for 1100
                  | gold pieces
  2240 | D        | Found the crystal ball of Wucad Mu {*channel}
  2246 | D        | Bought the amulet of Xiha {RegenMP rF+ Slay+3 Stlth+} for
                  | 712 gold pieces
  2249 | D        | Bought an encrusted glass wand for 128 gold pieces
  2249 | D        | Bought a scroll of identify for 64 gold pieces
  2249 | D        | Bought a murky cyan potion for 28 gold pieces
  2252 | D        | Bought a glowing cloak for 217 gold pieces
  2257 | D        | Bought the +3 giant club "Skullcrusher" {speed, Str+7} for
                  | 1504 gold pieces
  2257 | D        | Found the +3 giant club "Skullcrusher" {speed, Str+7}
  2260 | D        | Bought the +5 moon troll leather armour {Spirit, Regen++
                  | MP+5} for 952 gold pieces
  2260 | D        | Found the +5 moon troll leather armour {Spirit, Regen++
                  | MP+5}
  2353 | D        | Noticed Maurice
  2367 | D        | Killed Maurice
  2380 | D        | Noticed Erolcha
  2386 | D        | Killed Erolcha
  2551 | D        | Noticed an ogre mage
  2551 | D        | Noticed a centaur warrior
  2551 | D        | Noticed a six-headed hydra
  2551 | D        | Noticed a centaur warrior
  2551 | D        | Noticed a centaur warrior
  2552 | D        | Noticed a centaur warrior
  2565 | D        | Killed an ogre mage
  2566 | D        | Reached skill level 26 in Polearms
  2568 | D        | Killed a seven-headed hydra
  2571 | D        | Noticed a fire giant
  2571 | D        | Killed a centaur warrior
  2575 | D        | Killed a centaur warrior
  2579 | D        | Noticed a purple very ugly thing
  2590 | D        | Killed a fire giant
  2593 | D        | Noticed a tengu warrior
  2594 | D        | Killed a purple very ugly thing
  2597 | D        | Killed a centaur warrior
  2598 | D        | Reached skill level 27 in Polearms
  2599 | D        | Killed a centaur warrior
  2600 | D        | Reached skill level 1 in Dodging
  2600 | D        | Reached skill level 1 in Evocations
  2611 | D        | Noticed an ice dragon
  2618 | D        | Killed a tengu warrior
  2619 | D        | Reached skill level 5 in Shields
  2623 | D        | Killed from afar by an ice dragon

Illustrated notes

Levels and vault maps discovered:
D:        linesprint [early_d, line_temple, items_1, d_10, items_2, lair_1,
          lair_end, items_3, orc_1, orc_end, items_4, d_15, swamp_1, shoals_1,
          snake_1, spider_1, d_20, vaults_1, items_5, swamp_end, shoals_end,
          snake_end, spider_end, vaults_end, d_27, items_6, zot_1, zot_end,
          crypt_end, forest_end, elf_end, slime_end, tomb_end, abyss_end,
          pan_hell_end]

Skill      XL: |  1  2  3  4  5  6  7  8  9 10 11 12 |
---------------+-------------------------------------+-----
Polearms       | 4 6 7 13 14 17 19 21 24 27 | 27.0
Fighting       | 4 5 10 11 13 14 16 18 20 | 20.6
Armour         | 4 5 6 10 11 13 14 16 18 20 | 20.5
Dodging        | 3 |  3.3
Shields        | 5 |  5.3
Evocations     | 2 |  2.6

Action                     |  1- 3 |  4- 6 |  7- 9 | 10-12 || total
---------------------------+-------+-------+-------+-------++-------
  Melee: Trident           |    40 |     2 |       |       ||    42
         Headbutt          |     8 |     2 |    16 |    73 ||    99
         Halberd           |       |     5 |    88 |   151 ||   244
         Bardiche          |       |       |       |   137 ||   137
 Invoke: Call Merchant     |       |       |       |     4 ||     4
    Use: Potion            |       |       |       |     7 ||     7
         Scroll            |       |       |       |     1 ||     1
   Stab: Petrified         |       |       |     1 |       ||     1
         Distracted        |       |       |       |     5 ||     5
 Armour: Scale mail        |    31 |     1 |       |       ||    32
         Ring mail         |       |     3 |    47 |    60 ||   110
         Plate armour      |       |       |       |    63 ||    63
  Dodge: Dodged            |    14 |     3 |    38 |   100 ||   155
  Block: Buckler           |     6 |       |       |       ||     6
